 Dungeon Crawl Stone Soup version 0.22-a0-423-g4197694 (webtiles) character file.

7 iamserjio the Ducker (level 1, 0/10 HPs)
             Began as a Felid Monk on May 23, 2018.
             Slain by a gnoll
             ... wielding a +2 spear of piercing
              (10 damage)
             ... on level 1 of the Dungeon.
             The game lasted 00:00:25 (252 turns).

iamserjio the Ducker (Felid Monk)                    Turns: 252, Time: 00:00:26

Health: 0/10       AC:  1    Str:  7    XL:     1   Next: 83%
Magic:  2/2        EV: 20    Int: 11    God:
Gold:   22         SH:  0    Dex: 18    Spells: 0/0 levels left
                                        Lives:  0   Deaths: 0

rFire    . . .     SeeInvis +     - Unarmed
rCold    . . .     Gourm    .   (shield unavailable)
rNeg     . . .     Faith    .   (armour unavailable)
rPois    .         Spirit   .   (helmet unavailable)
rElec    .         Reflect  .   (cloak unavailable)
rCorr    .         Harm     .   (gloves unavailable)
MR       .....                  (boots unavailable)
Stlth    +++.......             (no amulet)
HPRegen  0.03/turn              (no ring)
MPRegen  0.08/turn              (no ring)

@: quick
A: very small, no armour, no weapons or thrown items, stealth, claws 1, fangs 3,
see invisible, carnivore, speed 1, shaggy fur 1, slow metabolism 1, sharp paws
a: no special abilities


You were on level 1 of the Dungeon.
You were not hungry.

You visited 1 branch of the dungeon, and saw 1 of its levels.

You collected 22 gold pieces.

Inventory:

Scrolls
 b - 2 scrolls of remove curse {unknown}
 c - a scroll of teleportation {unknown}
Comestibles
 a - a ration


   Skills:
 - Level 3.0 Fighting
 * Level 4.2 Dodging
 + Level 2.9 Stealth
 * Level 3.2 Unarmed Combat


You couldn't memorise any spells.
You didn't know any spells.
Your spell library was empty.

Dungeon Overview and Level Annotations

Branches:
Dungeon (1/15)

Altars:


Innate Abilities, Weirdness & Mutations

You cannot wear armour.
You are incapable of wielding weapons or throwing items.
Your paws allow you to move quietly. (Stealth)
You have sharp claws.
You have razor-sharp teeth.
You have supernaturally acute eyesight. (SInv)
You are carnivorous and can eat meat at any time.
You cover ground quickly.
You are covered in fur. (AC +1)
You have a slow metabolism.
Your sharp claws are effective at attacking unaware monsters.


Message History

A rat comes into view.
A rat is nearby!
A rat is nearby!
You pounce on the unaware helpless rat!
You claw the rat!
You kill the rat!
No target in view!
A rat comes into view.
A rat is nearby!
A rat is nearby!
You see here 10 gold pieces.
You pounce on the unaware helpless rat!
You mangle the rat!!
You kill the rat!
You now have 22 gold pieces (gained 10).
You see here a rat corpse.
A gnoll comes into view. It is wielding a spear of piercing.
A gnoll is nearby!
The gnoll shouts!
The gnoll hits you with a spear of piercing!
Ouch! That really hurt!
You die...

......#.####.######.###...#.#.#
......+....†........# #...#.#.#
..[...#..###.######.###...#.#.#
......+.(...............#.#.#.#
......##..##.######.#####.#.#.#
#......##.##.# #.# #.#.#.#
#......##..#.######+#####.#.#.#
#......###.#.##g..........#.#.#
#......###.#.##.@.............#
###'#.........+.............#.#
###.######...##.............#.#
..#..........#............#.#####
..#.#######..#......#####.#......


PPP.PPPPPPPP.#......# ######### P.....PPPPPP.#......+ .PPPPP..PPPP.#......#
PP...PPP.PPP.# You could see a gnoll.

Vanquished Creatures
  A leopard gecko (D:1)
  A bat (D:1)
  A giant cockroach (D:1)
  A ball python (D:1)
  2 rats (D:1)
6 creatures vanquished.

Notes
Turn   | Place    | Note
-------+----------+-------------------------------------------
     0 | D:1      | iamserjio the Felid Monk began the quest for the Orb.
     0 | D:1      | Reached XP level 1. HP: 10/10 MP: 2/2
   252 | D:1      | Slain by a gnoll

Vault maps used:
D:1:      roderic_crop_circles_arrival_small, minmay_misc_feat_encased

Action                   || total
-------------------------++-------
Melee: Unarmed           ||    10
       Bite              ||     1
 Stab: Sleeping          ||     4
Armor: Skin              ||     1
Dodge: Dodged            ||     4

Table legend:
 A = Spawn XP
 B = Non-spawn XP
 C = Spawn XP percentage of total XP
 D = Spawn monster count
 E = Non-spawn monster count
 F = Spawn count percentage of total count
 G = Total turns spent on level
                    A         B        C        D         E        F      G
               +---------+---------+-------+---------+---------+-------+---------
         Total |       0 |      10 |   0.0 |       0 |       6 |   0.0 |   252
               +---------+---------+-------+---------+---------+-------+---------
           D:1 |       0 |      10 |   0.0 |       0 |       6 |   0.0 |   252
               +---------+---------+-------+---------+---------+-------+---------
